 Dungeon Crawl Stone Soup version 0.18.1-1-g2f07953 (webtiles) character file.

333 LORDOFBUTT the Shield-Bearer (level 6, -19/53 HPs)
             Began as a Minotaur Fighter on May 6, 2016.
             Killed from afar by Dowan (27 damage)
             ... with a shard of ice
             ... on level 4 of the Dungeon.
             The game lasted 00:02:50 (2640 turns).

LORDOFBUTT the Shield-Bearer (Minotaur Fighter)     Turns: 2640, Time: 00:02:51

Health: -19/53     AC:  7    Str: 21    XL:     6   Next: 27%
Magic:  5/5        EV:  9    Int:  5    God:
Gold:   157        SH: 10    Dex: 11    Spells: 0 memorised, 5 levels left

rFire  . . .     SeeInvis .     a - +0 flail
rCold  . . .     Gourm    .     b - +0 scale mail
rNeg   + . .     Faith    .     c - +0 shield
rPois  .         Spirit   .     (helmet restricted)
rElec  .         Dismiss  .     (no cloak)
rCorr  .         Reflect  .     (no gloves)
SustAt .         Harm     .     (no boots)
MR     .....                    (no amulet)
Stlth  ..........               (no ring)
                                e - ring of positive energy

@: not resistant to hostile enchantments, extremely unstealthy
A: retaliatory headbutt, horns 2
a: no special abilities


You were on level 4 of the Dungeon.
You were not hungry.

You visited 1 branch of the dungeon, and saw 4 of its levels.

You collected 157 gold pieces.

Inventory:

Hand Weapons
 a - a +0 flail (weapon)
Armour
 b - a +0 scale mail (worn)
 c - a +0 shield (worn)
Jewellery
 e - a ring of positive energy (left hand)
Wands
 o - a wand of slowing (19/48)
Scrolls
 i - 3 scrolls of blinking
 j - 2 scrolls of remove curse {unknown}
 k - a scroll of fog {unknown}
 p - 3 scrolls of teleportation {unknown}
 s - a scroll of fear {unknown}
Potions
 l - 2 potions of cure mutation
 n - a potion of brilliance
 q - a potion of ambrosia
Comestibles
 f - 3 bread rations
 g - 4 meat rations


   Skills:
 + Level 4.7 Fighting
 + Level 3.6 Maces & Flails
 + Level 5.0 Armour
 + Level 3.0 Dodging
 + Level 5.4 Shields


You had 5 spell levels left.
You didn't know any spells.

Dungeon Overview and Level Annotations

Branches:
Dungeon (4/15)
 Temple: D:4-7

Altars:
Pakellas

Annotations:
D:4 Dowan


Innate Abilities, Weirdness & Mutations

You reflexively headbutt those who attack you in melee.
You have a pair of horns on your head.


Message History

Dowan hits you with a dagger.
* * * LOW HITPOINT WARNING * * *
You closely miss Dowan.
Dowan is heavily wounded.
Dowan hits you with a dagger.
* * * LOW HITPOINT WARNING * * *
Dowan barely misses you.
You hit Dowan. Your headbutt misses Dowan.
Dowan is severely wounded.
You block Dowan's attack.
You miss Dowan.
Dowan is severely wounded.
Dowan hits you with a dagger.
* * * LOW HITPOINT WARNING * * *
You closely miss Dowan.
Dowan is severely wounded.
Dowan points at you and mumbles some strange words.
The shard of ice hits you!
Ouch! That really hurt!
You die...

##.# ..# ####### ..# #.....# ..#
#.....# #[# #.....# ......# #.#
#.....# ......# #e# #.....#
......##+#######@# #.....#
..............##.# #.....#
..............##.# #.....#
..............##.# #.....#
..............##.###.....#######
..............##.#.............#
#...##........##.#..^....(.....#
#...#######..###.#.............#
#...# ####'###.#...>.........#


You could see Dowan.

Vanquished Creatures
  Duvessa (D:4)
  An orc priest (D:4)
  A worker ant (D:4)
  2 orc wizards (D:4)
  6 adders
  2 oozes
  A worm (D:3)
  3 dart slugs
  3 giant geckos
  4 orcs
  8 bats
  A giant cockroach (D:1)
  7 goblins
  6 hobgoblins
  A giant newt (D:3)
  6 kobolds
  10 rats
63 creatures vanquished.

Notes
Turn   | Place    | Note
--------------------------------------------------------------
     0 | D:1      | LORDOFBUTT the Minotaur Fighter began the quest for the Orb.
     0 | D:1      | Reached XP level 1. HP: 19/19 MP: 0/0
   108 | D:1      | Reached XP level 2. HP: 17/27 MP: 1/1
   666 | D:1      | Reached XP level 3. HP: 33/33 MP: 2/2
   922 | D:2      | Reached skill level 1 in Dodging
  1114 | D:2      | Reached XP level 4. HP: 40/40 MP: 3/3
  1966 | D:3      | Found an oddly glowing altar of Pakellas.
  2145 | D:4      | Reached XP level 5. HP: 41/47 MP: 4/4
  2147 | D:4      | Reached skill level 5 in Shields
  2587 | D:4      | Noticed Dowan
  2589 | D:4      | Noticed Duvessa
  2602 | D:4      | Killed Duvessa
  2602 | D:4      | Reached skill level 5 in Armour
  2602 | D:4      | Reached XP level 6. HP: 22/53 MP: 5/5
  2640 | D:4      | Killed from afar by Dowan

Skill      XL: |  1  2  3  4  5 |
---------------+----------------+-----
Shields        | 4 5 |  5.4
Armour         | 4 5 |  5.0
Fighting       | 4 |  4.7
Dodging        | 1 3 |  3.0
Maces & Flails | 3 |  3.6

Action                   |  1- 3 |  4- 6 || total
-------------------------+-------+-------++-------
Melee: Flail             |    94 |    99 ||   193
       Headbutt          |    17 |     3 ||    20
  Use: Scroll            |       |     5 ||     5
       Potion            |       |     4 ||     4
  Eat: Beef jerky        |       |     2 ||     2
       Meat ration       |       |     1 ||     1
Armor: Scale mail        |    56 |    26 ||    82
       Skin              |       |    23 ||    23
Dodge: Dodged            |    30 |    30 ||    60
Block: Shield            |    45 |    55 ||   100
